 Dungeon Crawl Stone Soup version 0.31.0-10-gcf4a605ca0 (webtiles) character file.

Game seed: 1618927851972069712

5697 Amaterasu the Grappler (level 10, 0/86 HPs)
             Began as a Ghoul Monk on Jan 25, 2024.
             Was an Initiate of Yredelemnul.
             Slain by a death yak (9 damage)
             ... on level 8 of the Dungeon.
             The game lasted 00:14:00 (7941 turns).

Amaterasu the Grappler (Ghoul Monk)                 Turns: 7941, Time: 00:14:01

Health: 0/86       AC: 18    Str: 20    XL:     10   Next: 76%
Magic:  12/12      EV: 12    Int:  9    God:    Yredelemnul [......]
Gold:   636        SH:  0    Dex: 11    Spells: 9/9 levels left

rFire   + .          .
                       - Unarmed
rCold   + + .        c - orb {light}
rNeg    + + +        h - +0 ring mail
rPois   ∞            s - +2 hat
rElec   .            y - scarf {rC+ rF+}
rCorr   .            m - +1 pair of gloves
SInv    .            (no boots)
Will    .....        g - amulet of faith Stlth
                     C - +4 ring of protection
HPRegen 0.00/turn    I - +4 ring of protection
MPRegen 0.13/turn

%: faith
@: mighty, inhibited regen, glowing
A: claws 1, cold resistance 1, negative energy resistance 3, inhibited
regeneration, torment resistance 2, devour on kill
a: Renounce Religion, Recall Undead Harvest


You were on level 8 of the Dungeon.
You worshipped Yredelemnul.
Yredelemnul was noncommittal.
You visited 2 branches of the dungeon, and saw 9 of its levels.
You also visited: Sewer and Ossuary.

You collected 636 gold pieces.

Inventory:

Armour
 a - a +0 robe
 c - an orb of light (worn)
 h - a +0 ring mail (worn)
 i - a +1 leather armour
 m - a +1 pair of gloves (worn)
 s - a +2 hat (worn)
 y - a scarf of resistance (worn)
Jewellery
 g - an amulet of faith (around neck)
 k - a ring of wizardry
 C - a +4 ring of protection (left hand)
 D - a +6 ring of dexterity
 H - an amulet of guardian spirit
 I - a +4 ring of protection (right hand)
 K - a ring of ice
Talismans
 j - a flux talisman
Wands
 u - a wand of charming (18)
 F - a wand of roots (7)
 J - a wand of quicksilver (10)
Scrolls
 d - 7 scrolls of teleportation
 n - 4 scrolls of summoning
 t - a scroll of amnesia
 w - 3 scrolls of fog
 B - 2 scrolls of enchant armour
 E - a scroll of poison
 L - a scroll of enchant weapon {unknown}
Potions
 b - a potion of ambrosia
 e - 4 potions of lignification
 f - a potion of attraction
 l - 2 potions of heal wounds
 o - 3 potions of resistance
 p - 4 potions of might
 q - a potion of magic
 r - 2 potions of cancellation
 v - 5 potions of curing
 x - 2 potions of brilliance
 z - 2 potions of berserk rage {unknown}
 A - 6 potions of degeneration
 G - 2 potions of haste {unknown}


   Skills:
 * Level 7.0 Fighting
 - Level 5.0 Armour
 * Level 4.3 Dodging
 - Level 14.0 Unarmed Combat
 * Level 3.5 Invocations


You had 9 spell levels left.
You didn't know any spells.
Your spell library contained the following spells:

 Spells                   Type           Power      Damage    Failure   Level
 Magic Dart               Conj           0%         1d3       54%         1
 Blink                    Tloc           0%         N/A       69%         2
 Call Imp                 Summ           0%         N/A       69%         2
 Jinxbite                 Hex            0%         N/A       69%         2
 Yara's Violent Unravell  Hex/Alch       0%         3d3       100%        5
 Enfeeble                 Hex            0%         N/A       100%        7


Dungeon Overview and Level Annotations

Branches:
Dungeon (8/15)             Temple (1/1) D:6           Sewer (visited)
Ossuary (visited)
   Lair: D:8-11

Altars:
Ashenzari
Cheibriados
Dithmenos
Fedhas
Gozag
Hepliaklqana
Kikubaaqudgha
Makhleb
Nemelex Xobeh
Okawaru
Qazlal
Ru
Sif Muna
Trog
Uskayaw
Vehumet
Wu Jian
Xom
Yredelemnul

Shops:
D:3 :


Innate Abilities, Weirdness & Mutations

You are immune to poison.
You have sharp fingernails.
Your flesh is cold resistant. (rC+)
You are immune to negative energy. (rN+++)
You do not regenerate when monsters are visible.
You are immune to unholy pain and torment.
You thrive by killing the living.


Message History

The death yak barely misses you.
You pummel the death yak!!
The death yak is heavily wounded.
The death yak closely misses you. The death yak gores you!
You pummel the death yak!!
The death yak is severely wounded.
The death yak gores you but does no damage.
You punch the death yak!
The death yak is almost dead.
The death yak gores you but does no damage.
You hit the death yak.
The death yak is almost dead.
The death yak gores you but does no damage. x2
You hit the death yak but do no damage.
The death yak is almost dead.
The death yak gores you. The death yak gores you!
You hit the death yak.
The death yak is almost dead.
The hell rat twitches its whiskers.
The death yak gores you!
* * * LOW HITPOINT WARNING * * *
You punch the death yak!
You kill the death yak!
Training target 5.0 for Armour reached!
Your Fighting skill increases to level 7!
Your Armour skill increases to level 5!
You punch the death yak!
The death yak is moderately wounded.
The death yak gores you!
* * * LOW HITPOINT WARNING * * *
The river rat barely misses you.
You punch the death yak!
The death yak is heavily wounded.
The death yak barely misses you.
The river rat bites you but does no damage.
You punch the death yak!
The death yak is heavily wounded.
The death yak gores you!
You die...
You join the legions of the undead harvest.

......../.. ##)##
.........### #..## #
...........#. ##...## ##
............. #.....#
###. ....rrr#
##.....###... ....r.##
#......##..##
##..YY#####
##......#..##
###rr...Z##
#####.........## #
###Z..Z.##
#@##.........## #
######.## #rY.........##
# ##.###rr........## #
## ##r..r.<.......# #
Z## #.............# #
#.## ###............##
...###
##......>.......######
.....#
#...........##..#....###
###..#
#..........###Z........#


You could see a death yak, a hell rat, a river rat, a quokka and a rat.

Vanquished Creatures
  2 death yaks (D:8)
  Pikel (D:7)
  Prince Ribbit (D:6)
  Grinder (D:6)
  Sigmund (D:4)
  A steam dragon (D:7)
  Menkaure (D:7)
  A water moccasin (D:4)
  3 black bears
  An ogre (D:5)
  4 centaurs
  A weeping skull (Ossuary)
  2 brain worms (Sewer)
  3 kobold brigands
  2 bullfrogs
  4 scorpions
  8 wights
  A burial acolyte (Ossuary)
  A howler monkey (D:2)
  A centaur zombie (Ossuary)
  5 hounds
  An orc priest (D:8)
  A bombardier beetle (D:4)
  2 jellies
  A gnoll bouda (D:7)
  3 sleepcaps
  Jessica (D:3)
  4 orc wizards
  5 iguanas
  4 mummies (Ossuary)
  6 gnolls
  12 adders
  4 river rats (Sewer)
  4 white imps
  2 dart slugs
  A ribbon worm (D:2)
  18 orcs
  7 ball pythons
  4 endoplasms
  2 giant cockroaches
  14 goblins
  7 hobgoblins
  3 jackals (D:2)
  2 quokkas
  4 bats
  3 frilled lizards
  4 gnoll zombies (Ossuary)
  27 kobolds
  A kobold zombie (Ossuary)
  2 orc zombies (Ossuary)
  9 rats
203 creatures vanquished.

Vanquished Creatures (collateral kills)
  A steam dragon (D:8)
  A kobold brigand (D:8)
  A wight (D:7)
  A quokka (D:8)
  A kobold (D:8)
  A rat (D:8)
6 creatures vanquished.

Vanquished Creatures (others)
  A centaur zombie (D:8)
  A bullfrog zombie (D:8)
  10 kobold zombies
  A hound zombie (D:7)
  A steam dragon zombie (D:8)
  6 orc zombies (D:8)
  2 gnoll zombies (D:7)
  A quokka zombie (D:8)
23 creatures vanquished.

Grand Total: 232 creatures vanquished

Notes
Turn   | Place    | Note
-------+----------+-------------------------------------------
     0 | D:1      | Amaterasu the Ghoul Monk began the quest for the Orb.
     0 | D:1      | Reached XP level 1. HP: 19/19 MP: 1/1
   107 | D:1      | Reached XP level 2. HP: 25/26 MP: 2/2
   909 | D:2      | Reached skill level 4 in Unarmed Combat
   954 | D:2      | Reached XP level 3. HP: 33/33 MP: 3/3
  1253 | D:2      | Reached XP level 4. HP: 16/40 MP: 4/4
  1424 | D:2      | Reached skill level 5 in Unarmed Combat
  1521 | D:2      | Reached XP level 5. HP: 46/46 MP: 5/5
  1775 | D:3      | Found Cocir's Book Emporium.
  1835 | D:3      | Noticed Jessica
  1843 | D:3      | Killed Jessica
  1883 | D:3      | Identified the +0 robe of Resonant Freedom {Regen+ Str-3
                  | Int+3}
  1985 | D:3      | Found a glowing drain.
  1994 | Sewer    | Entered a sewer
  2075 | Sewer    | Reached skill level 6 in Unarmed Combat
  2134 | Sewer    | Reached XP level 6. HP: 53/53 MP: 6/6
  2414 | Sewer    | Reached skill level 7 in Unarmed Combat
  3217 | D:4      | Reached XP level 7. HP: 54/60 MP: 7/7
  3317 | D:4      | Reached skill level 8 in Unarmed Combat
  3462 | D:4      | Reached skill level 5 in Fighting
  3462 | D:4      | Reached skill level 9 in Unarmed Combat
  3654 | D:4      | Noticed Sigmund
  3670 | D:4      | Killed Sigmund
  3671 | D:4      | Reached XP level 8. HP: 57/68 MP: 8/8
  3755 | D:5      | Entered Level 5 of the Dungeon
  3866 | D:5      | Reached skill level 10 in Unarmed Combat
  4516 | D:5      | Reached skill level 11 in Unarmed Combat
  4696 | D:6      | Noticed Grinder
  4707 | D:6      | Killed Grinder
  4708 | D:6      | Reached skill level 12 in Unarmed Combat
  4708 | D:6      | Reached XP level 9. HP: 56/75 MP: 9/9
  4793 | D:6      | Noticed Prince Ribbit
  4794 | D:6      | Found a sand-covered staircase.
  4817 | D:6      | Killed Prince Ribbit
  4834 | Ossuary  | Entered an ossuary
  5348 | D:6      | Reached skill level 13 in Unarmed Combat
  5384 | D:6      | Found a staircase to the Ecumenical Temple.
  5389 | Temple   | Entered the Ecumenical Temple
  5422 | Temple   | Became a worshipper of Yredelemnul the Dark
  5422 | Temple   | Reached * piety under Yredelemnul
  5422 | Temple   | Reached ** piety under Yredelemnul
  5820 | D:6      | Reached skill level 1 in Armour
  5820 | D:6      | Reached skill level 1 in Invocations
  6115 | D:7      | Found a radiant altar of Vehumet.
  6152 | D:7      | Noticed Menkaure
  6155 | D:7      | Killed Menkaure
  6238 | D:7      | Noticed Pikel
  6247 | D:7      | Killed Pikel
  6248 | D:7      | Reached skill level 14 in Unarmed Combat
  6248 | D:7      | Reached XP level 10. HP: 84/84 MP: 9/11
  6582 | D:7      | Your ally Pikel died
  7314 | D:8      | Reached *** piety under Yredelemnul
  7416 | D:8      | Reached **** piety under Yredelemnul
  7421 | D:8      | Reached ***** piety under Yredelemnul
  7650 | D:8      | Noticed a death yak
  7655 | D:8      | Noticed a death yak
  7655 | D:8      | Noticed a death yak
  7664 | D:8      | Killed a death yak
  7938 | D:8      | Killed a death yak
  7939 | D:8      | Reached skill level 5 in Armour
  7941 | D:8      | Slain by a death yak

Illustrated notes

Levels and vault maps discovered:
D:1:      dpeg_arrival_rhombus, layout_basic
D:2:      layout_basic, minmay_misc_feat_doors, minmay_heptomino_w4
D:3:      layout_basic, serial_shops, shop, portal_sewer_entry_d,
          minmay_parallelograms, uniq_jessica
D:4:      layout_gridville, uniq_sigmund
D:5:      layout_basic, minmay_ogre_servants
D:6:      layout_loops_ring, minmay_temple_entry_glassed_door,
          chequers_ossuary_entry_cave, uniq_prince_ribbit1, uniq_grinder
D:7:      layout_basic, vehumet_crystals, uniq_menkaure, uniq_pikel
D:8:      layout_layer_cave, dpeg_lair_monsters, due_unseen_surprise
Temple:   mainiacjoe_temple_hex_bubbles

Skill      XL: |  1  2  3  4  5  6  7  8  9 10 |
---------------+-------------------------------+-----
Unarmed Combat | 4 5 6 7 9 12 14 | 14.0
Fighting       | 4 5 6 7 |  7.0
Armour         | 2 5 |  5.0
Invocations    | 1 3 |  3.5
Dodging        | 3 4 |  4.3

Action                     |  1- 3 |  4- 6 |  7- 9 | 10-12 || total
---------------------------+-------+-------+-------+-------++-------
  Melee: Unarmed           |    83 |   129 |   289 |   115 ||   616
 Invoke: Recall Undead Har |       |       |       |     1 ||     1
    Use: Scroll            |     3 |     5 |     9 |     3 ||    20
         Potion            |       |       |       |     1 ||     1
   Stab: Distracted        |       |       |       |     1 ||     1
 Armour: Robe              |    21 |       |       |       ||    21
         Leather armour    |    17 |       |       |       ||    17
         Ring mail         |    14 |    86 |   169 |   100 ||   369
  Dodge: Dodged            |    44 |    58 |   143 |    73 ||   318
